 Dungeon Crawl Stone Soup version 0.31-a0-263-ge8cad7f256 (webtiles) character file.

Game seed: 788077176514171401

129 Vomitron the Poker (level 4, -2/34 HPs)
             Began as a Demonspawn Gladiator on July 13, 2023.
             Was a Believer of Makhleb.
             Slain by Crazy Yiuf
             ... wielding a +3 quarterstaff of chaos
              (10 damage)
             ... on level 3 of the Dungeon.
             The game lasted 00:03:06 (1900 turns).

Vomitron the Poker (Demonspawn Gladiator)           Turns: 1900, Time: 00:03:07

Health: -2/34      AC:  4    Str: 14    XL:     4   Next: 88%
Magic:  5/5        EV: 15    Int:  9    God:    Makhleb [**....]
Gold:   229        SH:  5    Dex: 23    Spells: 3/3 levels left

rFire   . . .        a - +0 trident
rCold   . . .        (no shield)
rNeg    . . .        b - +0 leather armour
rPois   .            (helmet restricted)
rElec   .            (no cloak)
rCorr   .            (no gloves)
SInv    .            l - +0 pair of boots
Will    .....        i - amulet of reflection
Stlth   ++           q - +6 ring of dexterity
HPRegen 0.25/turn    (no ring)
MPRegen 0.09/turn

%: reflection
@: no status effects
A: antennae 1, repulsion field 1
a: Renounce Religion, Minor Destruction


You were on level 3 of the Dungeon.
You worshipped Makhleb.
Makhleb was pleased with you.
You visited 1 branch of the dungeon, and saw 3 of its levels.

You collected 229 gold pieces.

Inventory:

Hand Weapons
 a - a +0 trident (weapon)
Missiles
 d - 3 throwing nets (quivered)
 e - a javelin
 r - 6 poisoned darts
Armour
 b - a +0 leather armour (worn)
 c - a +0 helmet
 h - a +0 ring mail
 l - a +0 pair of boots (worn)
Jewellery
 i - an amulet of reflection (around neck)
 q - a +6 ring of dexterity (left hand)
Scrolls
 f - 2 scrolls of identify {unknown}
 m - a scroll of blinking {unknown}
 p - a scroll of teleportation {unknown}
 s - a scroll of fog {unknown}
Potions
 g - a potion of enlightenment {unknown}
 j - 3 potions of curing {unknown}
 k - 2 potions of cancellation {unknown}
 n - 3 potions of heal wounds {unknown}
 o - a potion of might {unknown}
 t - a potion of ambrosia {unknown}


   Skills:
 + Level 2.8 Fighting
 * Level 4.0 Polearms
 - Level 1.7 Throwing
 + Level 1.6 Armour
 - Level 2.6 Dodging
 + Level 1.8 Invocations


You had 3 spell levels left.
You didn't know any spells.
Your spell library contained the following spells:

 Spells                   Type           Power      Damage    Failure   Level
 Blink                    Tloc           0%         N/A       58%         2
 Lesser Beckoning         Tloc           0%         N/A       58%         2
 Gell's Gravitas          Tloc           0%         N/A       83%         3
 Summon Guardian Golem    Hex/Summ       0%         N/A       83%         3
 Teleport Other           Tloc           0%         N/A       83%         3
 Manifold Assault         Tloc           0%         N/A       99%         4
 Orb of Destruction       Conj           0%         9d5       100%        7
 Spellforged Servitor     Conj/Summ      0%         N/A       100%        7


Dungeon Overview and Level Annotations

Branches:
Dungeon (3/15)

Altars:
Gozag
Makhleb

Shops:
D:3 (

Annotations:
D:3 Crazy Yiuf


Innate Abilities, Weirdness & Mutations

You have a pair of small antennae on your head.
You are surrounded by a mild repulsion field. (EV +2)


Message History

Partly explored, can't reach some places.
Partly explored, can't reach some places.
You hit the fungus but do no damage. You hit the fungus but do no damage.
You hit the fungus but do no damage. You hit the fungus.
The fungus begins to die.
The fungus is lightly damaged.
You puncture the fungus!
The fungus is lightly damaged.
You puncture the fungus!
The fungus is lightly damaged.
You hit the fungus.
The fungus is lightly damaged.
You puncture the fungus!
The fungus is lightly damaged.
A nearby fungus withers and dies.
You puncture the fungus!
The fungus begins to die.
The fungus is lightly damaged.
You puncture the fungus!
The fungus is lightly damaged.
You hit the fungus.
The fungus is lightly damaged.
A nearby fungus withers and dies.
Found a hammer.
Found a runed translucent door.
Crazy Yiuf shouts!
As you open the door, it creaks loudly!
You hit Crazy Yiuf.
Crazy Yiuf is moderately wounded.
Crazy Yiuf hits you with a +3 quarterstaff of chaos.
You are electrocuted!
Crazy Yiuf hits you with a +3 quarterstaff of chaos!
* * * LOW HITPOINT WARNING * * *
Crazy Yiuf freezes you.
* * * LOW HITPOINT WARNING * * *
Okay, then.
Okay, then.
You closely miss Crazy Yiuf.
Crazy Yiuf is moderately wounded.
Crazy Yiuf hits you with a +3 quarterstaff of chaos!
You die...

#.......# #.......#
#...[...####
|..........# #####
#..###..#..# #..)#
#.## ##...## #...#
#.####....# ...
#.##...##.## #g#
........#..# ♣♣@♣
.#....#.#### ♣.♣♣
.###.......# ♣♣.♣
#....##.#..# ♣.♣♣
#.#........# ♣♣.♣♣
....#####..# ♣.P.♣♣
..### #..# ♣♣P.P♣
†########..# #....#
>...##....####....#


You could see Crazy Yiuf.

Vanquished Creatures
  An orc priest (D:3)
  3 adders (D:2)
  2 worms (D:3)
  A dart slug (D:1)
  3 orcs (D:3)
  4 ball pythons
  3 endoplasms
  4 giant cockroaches
  7 goblins
  6 hobgoblins
  4 jackals (D:1)
  4 kobolds
  2 quokkas
  5 bats
  4 frilled lizards
  7 rats
60 creatures vanquished.

Notes
Turn   | Place    | Note
-------+----------+-------------------------------------------
     0 | D:1      | Vomitron the Demonspawn Gladiator began the quest for the
                  | Orb.
     0 | D:1      | Reached XP level 1. HP: 16/16 MP: 1/1
   206 | D:1      | Reached skill level 3 in Polearms
   227 | D:1      | Gained mutation: You have a pair of small antennae on your
                  | head. [demonic ancestry]
   227 | D:1      | Reached XP level 2. HP: 18/22 MP: 2/2
   360 | D:1      | Reached skill level 1 in Armour
   368 | D:1      | Found a faded altar of an unknown god.
   390 | D:1      | Prayed at the altar of an unknown god.
   390 | D:1      | Became a worshipper of Makhleb the Destroyer
   390 | D:1      | Reached * piety under Makhleb
   442 | D:1      | Gained mutation: You are surrounded by a mild repulsion
                  | field. (EV +2) [demonic ancestry]
   442 | D:1      | Reached XP level 3. HP: 28/28 MP: 3/3
   781 | D:2      | Reached skill level 1 in Invocations
  1053 | D:2      | Reached XP level 4. HP: 34/34 MP: 4/4
  1274 | D:3      | Reached ** piety under Makhleb
  1363 | D:3      | Found Ostrielott's Weapon Shop.
  1505 | D:3      | Reached skill level 4 in Polearms
  1507 | D:3      | Found an opulent altar of Gozag.
  1894 | D:3      | Found a runed translucent door.
  1895 | D:3      | Noticed Crazy Yiuf
  1900 | D:3      | Slain by Crazy Yiuf

Illustrated notes

Levels and vault maps discovered:
D:1:      dpeg_arrival_arbitrary_c, layout_rooms,
          ebering_ecumenical_altar_petrified
D:2:      layout_basic, minmay_nonomino_d4
D:3:      layout_rooms, nicolae_gozag_seed_capital, serial_shops, shop,
          hex_large, uniq_crazy_yiuf_cottage

Skill      XL: |  1  2  3  4 |
---------------+-------------+-----
Polearms       | 3 4 |  4.0
Armour         | 1 |  1.6
Invocations    | 1 |  1.8
Fighting       | |  2.8
Throwing       | |  1.7
Dodging        | |  2.6

Action                     |  1- 3 |  4- 6 || total
---------------------------+-------+-------++-------
  Melee: Trident           |   136 |    67 ||   203
   Stab: Sleeping          |     1 |       ||     1
         Distracted        |       |     1 ||     1
 Armour: Leather armour    |    42 |     7 ||    49
  Dodge: Dodged            |    75 |    14 ||    89
  Block: Other             |    36 |     5 ||    41

Table legend: (Time is in decaauts)
 A = Elapsed time spent in this place.
 B = Non-inter-level travel time spent in this place.
 C = Inter-level travel time spent in this place.
 D = Time resting spent in this place.
 E = Time spent auto-exploring this place.
 F = Levels seen in this place.
 G = Mean time per level.
                   A        B        C        D        E       F      G
               +--------+--------+--------+--------+--------+-----+--------+
         Total |   1924 |   1897 |     27 |     34 |   1419 |   3 |  641.3 |
       Dungeon |   1924 |   1897 |     27 |     34 |   1419 |   3 |  641.3 |
               +--------+--------+--------+--------+--------+-----+--------+

Top non-repeatable levels by time:
     D:2: 667 daAuts
     D:3: 657 daAuts
     D:1: 599 daAuts
